 Dungeon Crawl Stone Soup version 0.31.0-32-g396128a36d (webtiles) character file.

Game seed: 17326174843110915853

12454 spaghetti the Summoner (level 11, -3/81 HPs)
             Began as a Naga Summoner on Mar 11, 2024.
             Was an Elder of Kikubaaqudgha.
             Slain by a manticore (11 damage)
             ... on level 11 of the Dungeon.
             The game lasted 00:28:41 (14735 turns).

spaghetti the Summoner (Naga Summoner)             Turns: 14735, Time: 00:28:41

Health: -3/81      AC:  5    Str: 10    XL:     11   Next: 93%
Magic:  5/24       EV:  9    Int: 21    God:    Kikubaaqudgha [****..]
Gold:   1549       SH:  0    Dex: 11    Spells: 17/29 levels left

rFire   . . .        y - +9 staff of Olgreb {rPois∞}
rCold   . . .        (no shield)
rNeg    . . .        a - +0 robe
rPois   ∞            v - +0 helmet
rElec   +            (no cloak)
rCorr   .            (no gloves)
SInv    +            (no barding)
Will    +....        k - amulet of the acrobat
Stlth   ++           (no ring)
HPRegen 0.33/turn    (no ring)
MPRegen 0.19/turn

%: acrobat
@: short of breath, death channelling, radiating poison, spiked, unable to call
your familiar, very slow
A: AC +3, large, see invisible, deformed body, poison resistance, slowness 2,
spit poison 2, naga tail 1, electricity resistance
a: Breathe Poison Gas, Renounce Religion, Evoke the Staff of Olgreb, Unearth
Wretches


You were on level 11 of the Dungeon.
You worshipped Kikubaaqudgha.
Kikubaaqudgha was greatly pleased with you.
You visited 1 branch of the dungeon, and saw 11 of its levels.
You also visited: Ossuary and Bailey.

You collected 1549 gold pieces.

Inventory:

Hand Weapons
 g - a +3 spectral dagger
 y - the +9 staff of Olgreb (weapon) {rPois∞}
   (You found it on level 7 of the Dungeon)

   Radiate:   It can be activated via the 'a'bility menu to radiate toxic
   energy, with effectiveness depending on Evocations skill.
   Alch:      It enhances your alchemy magic.
   rPois∞: It grants immunity to poison.
Missiles
 D - 5 throwing nets
 H - 8 atropa-tipped darts
 I - 22 boomerangs
Armour
 a - a +0 robe (worn)
 v - a +0 helmet (worn)
 G - a +2 plate armour of poison resistance
Jewellery
 k - an amulet of the acrobat (around neck)
 s - a ring of protection from fire
 u - an amulet of regeneration
Wands
 m - a wand of iceblast (15)
 B - a wand of polymorph (9)
 E - a wand of flame (5)
 F - a wand of quicksilver (3)
Scrolls
 f - 5 scrolls of noise
 h - 2 scrolls of blinking
 i - 3 scrolls of poison
 o - a scroll of fear
 p - 4 scrolls of immolation
 t - 3 scrolls of teleportation
 w - 4 scrolls of identify
 J - a scroll of enchant weapon
 L - a scroll of brand weapon
 M - a scroll of fog
 N - a scroll of vulnerability
Potions
 b - 3 potions of magic
 d - 2 potions of heal wounds
 j - 4 potions of attraction
 l - 2 potions of curing
 n - a potion of berserk rage {unknown}
 q - 3 potions of mutation
 r - a potion of lignification
 z - 2 potions of haste
 A - 2 potions of might
 C - a potion of resistance {unknown}
 K - 2 potions of cancellation {unknown}


   Skills:
 - Level 1.5 Dodging
 - Level 3.0 Stealth
 * Level 9.9 Spellcasting
 - Level 12.0 Summonings
 + Level 10.8 Necromancy


You had 17 spell levels left.
You knew the following spells:

 Your Spells              Type           Power      Damage    Failure   Level
a - Summon Small Mammal   Summ           100%       N/A       1%          1
b - Call Imp              Summ           100%       N/A       1%          2
c - Call Canine Familiar  Summ           57%        N/A       1%          3
d - Death Channel         Necr           27%        N/A       12%         6

Your spell library contained the following spells:

 Spells                   Type           Power      Damage    Failure   Level
 Kiss of Death            Conj/Necr      100%       2d13      1%          1
 Necrotise                Necr           100%       1d9       1%          1
 Sublimation of Blood     Necr           54%        N/A       1%          2
 Fugue of the Fallen      Necr           54%        N/A       1%          3
 Animate Dead             Necr           54%        N/A       1%          4
 Dispel Undead            Necr           54%        3d20      1%          4
 Martyr's Knell           Necr/Summ      55%        N/A       1%          4
 Curse of Agony           Necr           54%        N/A       1%          5
 Cigotuvi's Dreadful Rot  Necr/Alch/Air  76%        N/A       2%          2
 Animate Armour           Summ/Erth      70%        N/A       5%          4
 Summon Blazeheart Golem  Fire/Summ      35%        N/A       5%          4
 Summon Lightning Spire   Summ/Air       35%        N/A       5%          4
 Apportation              Tloc           20%        N/A       7%          1
 Sting                    Conj/Alch      60%        1d6       7%          1
 Anguish                  Hex/Necr       16%        N/A       7%          4
 Jinxbite                 Hex            20%        N/A       10%         2
 Inner Flame              Hex/Fire       10%        N/A       21%         3
 Sigil of Binding         Hex            10%        N/A       21%         3
 Borgnjor's Vile Clutch   Necr/Erth      16%        N/A       21%         5
 Haunt                    Necr/Summ      27%        N/A       45%         7
 Dimensional Bullseye     Hex/Tloc       5%         N/A       54%         4
 Flame Wave               Conj/Fire      10%        2d6       54%         4
 Passage of Golubria      Tloc           10%        N/A       54%         4
 Sticky Flame             Fire/Alch      15%        2d5       54%         4
 Vhi's Electric Charge    Tloc/Air       20%        N/A       54%         4
 Alistair's Intoxication  Alch           10%        N/A       88%         5
 Arcjolt                  Conj/Air       5%         1d15      88%         5
 Lee's Rapid Deconstruct  Erth           5%         3d6*      88%         5
 Silence                  Hex/Air        5%         N/A       88%         5
 Yara's Violent Unravell  Hex/Alch       7%         3d5       88%         5
 Summon Horrible Things   Summ           28%        N/A       97%         8
 Malign Gateway           Summ/Tloc      17%        N/A       99%         7
 Infestation              Necr           27%        N/A       99%         8
 Eringya's Noxious Bog    Alch           7%         4d6       100%        6
 Enfeeble                 Hex            5%         N/A       100%        7
 Lehudib's Crystal Spear  Conj/Erth      5%         10d3      100%        8
 Maxwell's Capacitive Co  Air            5%         ∞         100%        8


Dungeon Overview and Level Annotations

Branches:
Dungeon (11/15)           Ossuary (visited)          Bailey (visited)
 Temple: D:4-7         Lair: D:8-11         Orc: D:9-12

Altars:
Ashenzari
Fedhas
Hepliaklqana
Kikubaaqudgha
Qazlal
Ru
Sif Muna
Vehumet
Wu Jian
Xom
Zin

Shops:
D:4 =   D:8 =[[

Annotations:
D:3 1 transporter, velxir3's ghost, amateur DsFE
D:7 1 runed translucent door


Innate Abilities, Weirdness & Mutations

Your serpentine skin is tough. (AC +3)
You have supernaturally acute eyesight. (SInv)
Armour fits poorly on your strangely shaped body.
Your system is resistant to poisons. (rPois)
You cover ground very slowly.
You can exhale a cloud of poison.
You have a snake-like lower body.
You are resistant to electric shocks. (rElec)


Message History

Your spectral two-headed ogre hits the rime drake!
Your spectral two-headed ogre hits the rime drake.
Unknown command.
You can't do that yet.
Unknown command.
You begin to radiate toxic energy.
The wolf is poisoned.
The rime drake is poisoned.
The manticore is poisoned. x2
The orc is poisoned.
The orc priest is poisoned.
The wolf looks even sicker.
The rime drake looks even sicker.
The manticore looks even sicker.
The wolf bites you.
* * * LOW HITPOINT WARNING * * *
Your spectral bullfrog barely misses the rime drake.
The manticore bites you.
* * * LOW HITPOINT WARNING * * *
The manticore completely misses you.
The manticore claws you but does no damage.
The wolf bites you but does no damage.
Your spectral basilisk bites the wolf.
Your spectral ice beast hits the manticore but does no damage.
Your spectral bullfrog hits the rime drake.
Your spectral orc wizard hits the manticore but does no damage.
As you read the scroll of fear, it crumbles to dust.
You assume a fearsome visage.
The wolf looks frightened!
The rime drake looks frightened!
The manticore looks frightened! x2
The orc looks frightened!
The orc priest looks frightened!
Your attack snaps the wolf out of its fear.
The wolf looks even sicker.
Your attack snaps the rime drake out of its fear.
The rime drake looks even sicker.
Your attack snaps the manticore out of its fear. x2
Your attack snaps the orc out of its fear.
The orc looks even sicker.
Your attack snaps the orc priest out of its fear.
You kill the orc!
Kikubaaqudgha accepts your kill.
A glowing mist starts to gather...
The wolf bites you!
* * * LOW HITPOINT WARNING * * *
Your spectral bullfrog hits the rime drake but does no damage.
Something bites your spectral bullfrog. The manticore bites you!
You die...
Kikubaaqudgha rasps: "You have failed me!
Welcome... death!"

#........##†.....##
#.#####..##~..#..#.
#.# #..###........
#.# #..# ...#..#...
#.#####..##.....##
.k
#........###.....# .
#........†..#.Z.#.#.
#.......##Z##k......
#.......'..@h)Z)..#
#.......#..ZHZ)oH...
#.......#...ZZ##.)..
#.......#.....# ...
#.......#.....# .
#.##....#.....# #.
.....##....+
.......#....#


You could see 2 manticores, a rime drake (very poisoned), a wolf (very poisoned,
ally target), an orc priest (poisoned), a friendly spectral basilisk, a friendly
spectral bullfrog, a friendly spectral ice beast, a friendly spectral orc, a
friendly spectral orc wizard, a friendly spectral two-headed ogre and a friendly
spectral troll.

Vanquished Creatures
  2 two-headed ogres
  Lodul (D:10)
  A manticore (D:11)
  Jeremiah (D:7)
  Maggie (D:7)
  2 trolls
  Sigmund (D:2)
  A vampire (D:10)
  A wraith (D:10)
  A wyvern (D:9)
  A basilisk (D:11)
  A steam dragon (D:7)
  A redback (D:7)
  5 orc warriors
  2 sky beasts (D:7)
  2 ice beasts
  2 centaurs
  A crocodile (D:7)
  10 ogres
  A brain worm (D:4)
  8 kobold brigands
  Blork the orc (D:4)
  4 bullfrogs
  2 gnoll sergeants
  5 scorpions
  A water moccasin zombie (Ossuary)
  A jelly (D:4)
  11 killer bees
  A howler monkey (D:5)
  An electric eel (D:6)
  5 orc priests
  A bombardier beetle (D:3)
  3 hounds
  3 gnoll boudas
  6 iguanas
  Natasha (twice) (D:2)
  9 orc wizards
  A crocodile zombie (Ossuary)
  Robin (D:3)
  21 gnolls
  4 adders
  A shadow imp (D:6)
  An adder zombie (Ossuary)
  2 ribbon worms (D:3)
  3 dart slugs (D:4)
  29 orcs
  4 bats
  4 endoplasms
  2 giant cockroaches
  11 goblins
  7 hobgoblins
  8 jackals
  7 ball pythons
  2 gnoll zombies (Ossuary)
  16 kobolds
  A rat (D:3)
  A rat zombie (D:6)
  2 butterflies (D:4)
230 creatures vanquished.

Vanquished Creatures (collateral kills)
  2 two-headed ogres
  A hornet (D:7)
  A wraith (D:11)
  A wyvern (D:7)
  2 vampire mosquitoes (D:9)
  A water moccasin (D:7)
  An orc warrior (Bailey)
  2 ogres
  A crocodile (D:7)
  A phantom (D:6)
  2 kobold brigands
  A gnoll sergeant (D:6)
  5 scorpions
  3 water moccasin zombies (Ossuary)
  A burial acolyte (Ossuary)
  5 killer bees
  An electric eel (D:6)
  A howler monkey (D:7)
  A hound (D:6)
  3 jellies (D:7)
  An orc priest (D:8)
  A spectral scorpion (Ossuary)
  5 sleepcaps
  Ijyb (D:3)
  Natasha (D:2)
  2 orc wizards
  A crocodile zombie (Ossuary)
  2 mummies (Ossuary)
  9 gnolls
  4 adders (D:7)
  6 adder zombies (Ossuary)
  6 orcs
  2 ball pythons (D:4)
  2 bats (D:2)
  2 endoplasms
  A giant cockroach (D:2)
  7 gnoll zombies (Ossuary)
  5 goblins
  2 hobgoblins
  2 jackals (D:6)
  14 kobolds
  2 quokkas (D:2)
  2 jackal zombies (Ossuary)
  5 orc zombies (Ossuary)
  A rat (D:2)
  A rat zombie (D:6)
123 creatures vanquished.

Vanquished Creatures (others)
  A troll (D:11)
  An ice beast (D:11)
2 creatures vanquished.

Grand Total: 355 creatures vanquished

Notes
Turn   | Place    | Note
-------+----------+-------------------------------------------
     0 | D:1      | spaghetti the Naga Summoner began the quest for the Orb.
     0 | D:1      | Reached XP level 1. HP: 15/15 MP: 3/3
   445 | D:1      | Reached XP level 2. HP: 21/22 MP: 1/5
   476 | D:1      | Learned a level 2 spell: Call Imp
  1305 | D:2      | Reached XP level 3. HP: 27/28 MP: 2/6
  1309 | D:2      | Learned a level 3 spell: Call Canine Familiar
  1447 | D:2      | Reached skill level 5 in Summonings
  1634 | D:2      | Gained mutation: You are resistant to electric shocks.
                  | (rElec) [potion of mutation]
  1634 | D:2      | Gained mutation: You can exhale a cloud of poison. [potion
                  | of mutation]
  1781 | D:2      | Noticed Natasha
  1784 | D:2      | Killed Natasha
  1785 | D:2      | Reached XP level 4. HP: 36/36 MP: 7/7
  1792 | D:2      | Noticed Natasha
  1797 | D:2      | Killed Natasha
  1798 | D:2      | Noticed Sigmund
  1802 | D:2      | Noticed Natasha
  1806 | D:2      | Killed Natasha
  1807 | D:2      | Reached skill level 6 in Summonings
  1807 | D:2      | Reached XP level 5. HP: 28/42 MP: 3/8
  1824 | D:2      | Killed Sigmund
  1825 | D:2      | Reached skill level 7 in Summonings
  1825 | D:2      | Reached XP level 6. HP: 39/49 MP: 2/9
  2309 | D:3      | Noticed Ijyb
  2315 | D:3      | Killed Ijyb
  2490 | D:3      | Found an ornate altar of the Wu Jian Council.
  2542 | D:3      | Found an ancient bone altar of Kikubaaqudgha.
  2542 | D:3      | Found a radiant altar of Vehumet.
  2564 | D:3      | Became a worshipper of Kikubaaqudgha
  2823 | D:3      | Noticed Robin
  2843 | D:3      | Killed Robin
  3025 | D:3      | Reached skill level 8 in Summonings
  3025 | D:3      | Reached skill level 1 in Necromancy
  3025 | D:3      | Reached XP level 7. HP: 33/55 MP: 5/10
  3173 | D:3      | Found a shimmering blue altar of Sif Muna.
  3379 | D:3      | Reached * piety under Kikubaaqudgha
  3379 | D:3      | Received a gift from Kikubaaqudgha
  3418 | D:3      | Found a transporter.
  3418 | D:3      | Noticed velxir3's ghost (amateur DsFE)
  3849 | D:4      | Noticed Blork the orc
  3854 | D:4      | Killed Blork the orc
  4106 | D:4      | Reached XP level 8. HP: 62/62 MP: 11/11
  4488 | D:4      | Reached skill level 9 in Summonings
  4632 | D:4      | Found a shimmering altar of Xom.
  4789 | D:4      | Found Uhuicuiral's Jewellery Shoppe.
  5156 | D:5      | Entered Level 5 of the Dungeon
  5352 | D:5      | Found a blossoming altar of Fedhas.
  5400 | D:5      | Reached skill level 5 in Necromancy
  5503 | D:5      | Reached ** piety under Kikubaaqudgha
  5519 | D:5      | You fall into a shaft and drop 2 floors!
  5526 | D:7      | Found a runed translucent door.
  5528 | D:6      | Found a broken altar of Ashenzari.
  5610 | D:6      | Found a sand-covered staircase.
  5617 | Ossuary  | Entered an ossuary
  6176 | Ossuary  | Reached skill level 10 in Summonings
  6201 | Ossuary  | Reached XP level 9. HP: 52/68 MP: 5/12
  6553 | D:6      | Reached *** piety under Kikubaaqudgha
  6553 | D:6      | Received a gift from Kikubaaqudgha
  6724 | D:6      | Found a stormy altar of Qazlal.
  7231 | D:6      | Learned a level 6 spell: Death Channel
  7696 | D:6      | Reached skill level 11 in Summonings
  8146 | D:7      | Reached **** piety under Kikubaaqudgha
  8324 | D:7      | Found a sacrificial altar of Ru.
  8571 | D:7      | Reached XP level 10. HP: 51/75 MP: 15/15
  8831 | D:7      | Found a runed translucent gate.
  8833 | D:7      | Found a runed translucent gate.
  8833 | D:7      | Found a runed translucent gate.
  8842 | D:7      | Found a runed translucent door.
  8851 | D:7      | Found the +9 staff of Olgreb {rPois∞}
  8885 | D:7      | Noticed Jeremiah
  8895 | D:7      | Killed Jeremiah
  9028 | D:7      | Reached skill level 5 in Spellcasting
  9510 | D:7      | Noticed Maggie
  9576 | D:7      | Killed Maggie
  9700 | D:7      | Noticed a two-headed ogre
  9700 | D:7      | Noticed a two-headed ogre
  9708 | D:7      | Killed a two-headed ogre
  9717 | D:7      | Killed a two-headed ogre
  9718 | D:7      | Reached skill level 12 in Summonings
  9718 | D:7      | Reached XP level 11. HP: 71/81 MP: 4/21
 10199 | D:8      | Found a glowing silver altar of Zin.
 10304 | D:8      | Found Capecw's Antique Armour Shop.
 10499 | D:8      | Found a flagged portal.
 10509 | Bailey   | Entered a bailey
 10976 | Bailey   | Found a burning altar of Makhleb.
 11124 | D:8      | Found Waske's Jewellery Shoppe.
 11171 | D:8      | Found a hazy altar of Hepliaklqana.
 11237 | D:8      | Found Loodoguq's Armour Boutique.
 11693 | D:9      | Reached ***** piety under Kikubaaqudgha
 11978 | D:9      | Reached skill level 10 in Necromancy
 12609 | D:10     | Entered Level 10 of the Dungeon
 13247 | D:10     | Noticed Lodul
 13259 | D:10     | Killed Lodul
 14471 | D:11     | Noticed a manticore
 14482 | D:11     | Killed a manticore
 14717 | D:11     | Noticed a two-headed ogre
 14722 | D:11     | Noticed a manticore
 14724 | D:11     | Noticed a manticore
 14726 | D:11     | Killed a two-headed ogre
 14731 | D:11     | Noticed a two-headed ogre
 14735 | D:11     | Slain by a manticore

Illustrated notes

Levels and vault maps discovered:
D:1:      matt_arrival_diagonals, layout_basic
D:2:      layout_basic, uniq_natasha, uniq_sigmund
D:3:      layout_basic, amcnicky_altar_gilded, grunt_temple_overflow_open,
          led_sif_book, gammafunk_ghost_mausoleum, uniq_robin, uniq_ijyb
D:4:      layout_loops_ring, xom_butterflies, minmay_shop_enchanted_jewellery,
          minmay_joined_circles, uniq_blork_the_orc
D:5:      layout_cave_pools, kennysheep_little_box,
          minmay_temple_entry_statues_fountains, supply_closet_lemuel,
          minmay_shop_grid_forest, eino_tiny_chamber, minmay_misc_feat_iff,
          grunt_ministairs_10, kennysheep_generic_room_10
D:6:      layout_cave_pools, ashenzari_conservatory_becter,
          kennysheep_mini_moat, enter_ossuary_4, serial_gnoll_camp,
          gnoll_camp_huts_moat, gnoll_camp_mini_basic, gnoll_camp_mini_hut,
          gnoll_camp_mini_hut, hex_tiny, corexii_shack
D:7:      regret_index_malice_mire, layout_cave_pools,
          mainiacjoe_overflow_alcove_1, minmay_guarded_unrand_staff_of_olgreb,
          uniq_maggie, uniq_jeremiah
D:8:      layout_basic, nicolae_hepliaklqana_hazy_memory, zin_academy,
          enter_bailey_4, serial_shops, kennysheep_mini,
          nicolae_shop_tiny_real_fake_doors, nicolae_shop_pleasant_corner_grove,
          serial_glass, glass_columns_a, glass_columns_b, glass_columns_b,
          glass_columns_a, glass_columns_a, glass_columns_a, glass_columns_b,
          glass_columns_c, glass_columns_c, glass_columns_b,
          serial_bayou_crossing
D:9:      layout_loops_ring, kennysheep_crisscross
D:10:     layout_irregular_city, serial_rivers, chequers_serial_rivers_small_b,
          chequers_serial_rivers_large_b, chequers_serial_rivers_small_3,
          chequers_serial_rivers_large_a, chequers_serial_rivers_micro_e,
          chequers_serial_rivers_micro_a, uniq_lodul
D:11:     layout_stronghold, hellmonk_lair_entry_icy

Skill      XL: |  1  2  3  4  5  6  7  8  9 10 11 |
---------------+----------------------------------+-----
Summonings     | 5 6 7 8 10 11 12 | 12.0
Necromancy     | 1 3 6 8 9 10 | 10.8
Spellcasting   | 3 6 9 |  9.9
Dodging        | |  1.5
Stealth        | |  3.0

Action                     |  1- 3 |  4- 6 |  7- 9 | 10-12 || total
---------------------------+-------+-------+-------+-------++-------
  Melee: Unarmed           |    11 |       |       |     5 ||    16
         Dagger            |     7 |    18 |   121 |    16 ||   162
         Punch             |       |       |     4 |     1 ||     5
         Staff             |       |       |       |   109 ||   109
   Cast: Summon Small Mamm |    22 |     2 |    11 |    12 ||    47
         Call Imp          |    10 |     6 |    47 |    17 ||    80
         Call Canine Famil |     3 |     6 |    44 |    23 ||    76
         Death Channel     |       |       |       |    21 ||    21
 Invoke: Unearth Wretches  |       |       |       |     2 ||     2
Ability: Spit Poison       |    11 |       |       |       ||    11
         Breathe Poison Ga |     6 |    19 |    74 |    41 ||   140
         Evoke the Staff o |       |       |       |    29 ||    29
  Evoke: Wand              |       |       |       |     2 ||     2
    Use: Potion            |     4 |       |       |     7 ||    11
         Scroll            |       |       |    11 |     1 ||    12
   Stab: Distracted        |       |       |     2 |     5 ||     7
         Paralysed         |       |       |       |     2 ||     2
 Armour: Robe              |    27 |    18 |   131 |   154 ||   330
         Skin              |       |       |       |    32 ||    32
  Dodge: Dodged            |    17 |     9 |   113 |   106 ||   245
